 Dungeon Crawl Stone Soup version 0.31.0-9-g3a7656b989 (webtiles) character file.

Game seed: 16943781343983524914

308 qw the Skirmisher (level 6, -19/36 HPs)
             Began as a Deep Elf Hunter on Feb 2, 2024.
             Was an Initiate of Okawaru.
             Killed from afar by an acid dragon (26 damage)
             ... with a splash of acid
             ... on level 4 of the Dungeon.
             The game lasted 00:00:09 (2154 turns).

qw the Skirmisher (Deep Elf Hunter)                 Turns: 2154, Time: 00:00:09

Health: -19/36     AC: 12    Str: 10    XL:     6   Next: 16%
Magic:  6/8        EV: 11    Int: 14    God:    Okawaru [......]
Gold:   235        SH:  0    Dex: 18    Spells: 5/5 levels left

rFire   . . .        a - +1 shortbow
rCold   . . .        (shield currently unavailable)
rNeg    . . .        d - +3 ring mail
rPois   .            (no helmet)
rElec   .            (no cloak)
rCorr   .            (no gloves)
SInv    .            (no boots)
Will    .....        (no amulet)
Stlth   +            g - +4 ring of protection
HPRegen 0.26/turn    (no ring)
MPRegen 0.11/turn

%: no passive effects
@: no status effects
A: no striking features
a: Renounce Religion


You were on level 4 of the Dungeon.
You worshipped Okawaru.
Okawaru was noncommittal.
You visited 1 branch of the dungeon, and saw 4 of its levels.

You collected 235 gold pieces.


   Skills:
 - Level 2.4 Fighting
 + Level 9.4 Ranged Weapons
 - Level 2.4 Dodging
 - Level 1.2 Stealth


You had 5 spell levels left.
You didn't know any spells.
Your spell library was empty.

Inventory:

Hand Weapons
 a - a +1 shortbow (weapon)
Armour
 d - a +3 ring mail (worn)
Jewellery
 g - a +4 ring of protection (left hand)
 i - a ring of ice
Potions
 b - a potion of attraction {unknown}
 c - a potion of enlightenment {unknown}
 f - a potion of curing {unknown}
 h - a potion of degeneration {unknown}
 k - a potion of lignification {unknown}

Dungeon Overview and Level Annotations

Branches:
Dungeon (4/15)
 Temple: D:4-7

Altars:
Ashenzari
Cheibriados
Okawaru


Message History

The acid dragon completely misses you.
The acid dragon claws you but does no damage.
You shoot an arrow. The arrow hits the acid dragon.
The acid dragon is heavily wounded.
The acid dragon closely misses you. The acid dragon claws you.
You shoot an arrow. The arrow hits the acid dragon.
The acid dragon is severely wounded.
The acid dragon barely misses you.
The acid dragon claws you but does no damage.
You shoot an arrow.
The arrow barely misses the acid dragon.
The acid dragon barely misses you. The acid dragon misses you.
A goblin comes into view. It is wielding a +0 dagger.
You shoot an arrow.
The arrow hits the acid dragon but does no damage.
The acid dragon is severely wounded.
You feel like a meek peon again.
You shoot an arrow. The arrow hits the acid dragon.
The acid dragon is almost dead.
The acid dragon bites you but does no damage.
The acid dragon closely misses you.
You shoot an arrow.
The arrow barely misses the acid dragon.
The acid dragon closely misses you.
The acid dragon claws you but does no damage.
You shoot an arrow.
The arrow hits the acid dragon but does no damage.
The acid dragon is almost dead.
The acid dragon bites you! The acid dragon closely misses you.
You shoot an arrow.
The arrow barely misses the acid dragon.
The acid dragon bites you.
The acid dragon claws you but does no damage.
You shoot an arrow.
The arrow hits the acid dragon but does no damage.
The acid dragon is almost dead.
The acid dragon spits acid at you. The splash of acid hits you!!
Ouch! That really hurt!
You die...

..
.........#..........>
.}..#+.#.}#...........
..####...........
#......########
#(.....'......#
####......#......#
..........#......#
....+.....#......#
##+##@..>.##...###
......D.##+#######
.......g# ........#
........# ........#
##....... #.......


You could see an acid dragon (catching breath) and a goblin.

Vanquished Creatures
  3 wights (D:4)
  A bombardier beetle (D:3)
  Jessica (D:3)
  5 adders
  A dart slug (D:3)
  An orc (D:3)
  5 endoplasms
  2 giant cockroaches
  5 goblins
  3 hobgoblins
  5 kobolds
  A quokka (D:1)
  4 ball pythons
  8 bats
  A frilled lizard (D:1)
  7 rats
53 creatures vanquished.

Notes
Turn   | Place    | Note
-------+----------+-------------------------------------------
     0 | D:1      | qw the Deep Elf Hunter began the quest for the Orb.
     0 | D:1      | Reached XP level 1. HP: 12/12 MP: 3/3
     0 | D:1      | 0 ||| qw: Version: 0.3-a-155-g5e7d8dd
     0 | D:1      | 0 ||| qw: Game counter: 2609
     0 | D:1      | 0 ||| qw: Melee chars always use a shield: true
     0 | D:1      | 0 ||| qw: God list: Okawaru
     0 | D:1      | 0 ||| qw: Allow faded altars: false
     0 | D:1      | 0 ||| qw: Do Orc after clearing Dungeon:15 true
     0 | D:1      | 0 ||| qw: Do second Lair branch before Depths: true
     0 | D:1      | 0 ||| qw: Lair rune preference: random
     0 | D:1      | 0 ||| qw: Goals: Normal
     0 | D:1      | 0 ||| PLANNING D:1-11
   162 | D:1      | Reached skill level 6 in Ranged Weapons
   162 | D:1      | Reached XP level 2. HP: 16/16 MP: 4/4
   575 | D:1      | 575 ||| UPGRADING to +3 ring mail.
   585 | D:1      | 585 ||| DROPPING +0 leather armour.
   586 | D:1      | 586 ||| UPGRADING to +4 ring of protection.
   587 | D:1      | 587 ||| READING scroll labelled YREALE GEROQ.
   588 | D:1      | 588 ||| READING scroll labelled MYTEIPR GEZI.
   589 | D:1      | 589 ||| DROPPING scroll of butterflies.
   635 | D:2      | 635 ||| FLEEEEING.
   639 | D:2      | 639 ||| FLEEEEING.
   640 | D:2      | 640 ||| FLEEEEING.
   642 | D:2      | 642 ||| FLEEEEING.
   643 | D:2      | 643 ||| FLEEEEING.
   644 | D:2      | 644 ||| FLEEEEING.
   645 | D:2      | 645 ||| FLEEEEING.
   646 | D:2      | 646 ||| FLEEEEING.
   647 | D:2      | 647 ||| FLEEEEING.
   648 | D:2      | 648 ||| FLEEEEING.
   649 | D:2      | 649 ||| STAIRDANCE
   692 | D:2      | Reached XP level 3. HP: 20/20 MP: 5/5
  1167 | D:2      | Reached skill level 7 in Ranged Weapons
  1177 | D:2      | 1177 ||| READING scroll labelled YFIEZI ZYKHO.
  1178 | D:2      | 1178 ||| READING scroll labelled LEINESS VELL.
  1179 | D:2      | 1179 ||| READING scroll labelled ZEPNANK TIDDOSM.
  1181 | D:2      | 1181 ||| Stepping ~*~*~tactically~*~*~ (cloud).
  1183 | D:2      | HP: 5/20 [poisoned by you (poison gas)]
  1186 | D:2      | HP: 2/20 [poisoned by you (poison gas)]
  1340 | D:3      | Found a snail-covered altar of Cheibriados.
  1351 | D:3      | Found an iron altar of Okawaru.
  1352 | D:3      | 1352 ||| PLANNING OKAWARU WORSHIP
  1358 | D:3      | Became a worshipper of Warmaster Okawaru
  1359 | D:3      | 1359 ||| PLANNING D:1-11
  1444 | D:3      | Noticed Jessica
  1449 | D:3      | Killed Jessica
  1450 | D:3      | Reached XP level 4. HP: 25/25 MP: 6/6
  1495 | D:3      | Reached skill level 8 in Ranged Weapons
  1856 | D:3      | Reached XP level 5. HP: 29/29 MP: 7/7
  1971 | D:3      | 1971 ||| READING scroll labelled VAESID PYAL.
  1971 | D:3      | 1971 ||| ENCHANTING +0 shortbow.
  1972 | D:3      | 1972 ||| DRINKING 2 yellow potions.
  1990 | D:4      | Reached skill level 9 in Ranged Weapons
  2071 | D:4      | Reached * piety under Okawaru
  2072 | D:4      | Reached XP level 6. HP: 32/36 MP: 8/8
  2088 | D:4      | Found a broken altar of Ashenzari.
  2125 | D:4      | Noticed an acid dragon
  2126 | D:4      | 2126 ||| INVOKING Heroism.
  2138 | D:4      | 2138 ||| INVOKING Heroism.
  2143 | D:4      | HP: 3/36 [acid dragon (10)]
  2144 | D:4      | 2144 ||| DRINKING potion of heal wounds.
  2152 | D:4      | HP: 8/36 [acid dragon (10)]
  2154 | D:4      | Killed from afar by an acid dragon

Levels and vault maps discovered:
D:1:      psy_arrival_heroes, layout_basic
D:2:      layout_basic
D:3:      layout_loops_cross, amethyst_overflow_temple_binary,
          kennysheep_generic_room_12, uniq_jessica
D:4:      layout_gridville, evilmike_ruin_ashenzari, lemuel_temple_firewalk_b,
          gammafunk_ghost_cemetery

Skill      XL: |  1  2  3  4  5 |
---------------+----------------+-----
Ranged Weapons | 6 7 8 9 |  9.4
Fighting       | 2 |  2.4
Dodging        | |  2.4
Stealth        | |  1.2

Action                     |  1- 3 |  4- 6 || total
---------------------------+-------+-------++-------
   Fire: Shortbow          |   100 |    94 ||   194
 Invoke: Heroism           |       |     2 ||     2
    Use: Scroll            |     5 |     1 ||     6
         Potion            |       |     2 ||     2
 Armour: Ring mail         |    22 |    43 ||    65
  Dodge: Dodged            |     9 |    38 ||    47

Table legend:
 A = Non-vault XP
 B = Vault XP
 C = Vault XP percentage of total XP
 D = Non-vault monster count
 E = Vault monster count
 F = Vault count percentage of total count
                 A         B        C        D         E       F
            +---------+---------+-------+---------+---------+-------
      Total |     402 |      38 |   8.6 |      51 |       2 |   3.8
            +---------+---------+-------+---------+---------+-------
        D:1 |      21 |       0 |   0.0 |      13 |       0 |   0.0
        D:2 |      52 |       0 |   0.0 |      19 |       0 |   0.0
        D:3 |     109 |      38 |  25.9 |      15 |       2 |  11.8
        D:4 |     220 |       0 |   0.0 |       4 |       0 |   0.0
            +---------+---------+-------+---------+---------+-------
